 Dungeon Crawl Stone Soup version 0.21-a0-440-g28109cb (webtiles) character file.

144 kiturien the Skirmisher (level 5, 0/47 HPs)
             Began as a Minotaur Fighter on Nov 10, 2017.
             Slain by an iguana (6 damage)
             ... on level 4 of the Dungeon.
             The game lasted 00:07:27 (2232 turns).

kiturien the Skirmisher (Minotaur Fighter)          Turns: 2232, Time: 00:07:28

Health: 0/47       AC:  9    Str: 26    XL:     5   Next: 5%
Magic:  6/6        EV:  7    Int:  5    God:
Gold:   133        SH: 14    Dex: 10    Spells: 5/7 levels left

rFire    . . .     SeeInvis .   a - +0 long sword
rCold    . . .     Gourm    .   c - +0 shield
rNeg     . . .     Faith    .   b - +0 scale mail
rPois    .         Spirit   .   (helmet restricted)
rElec    .         Reflect  .   (no cloak)
rCorr    .         Harm     .   n - +1 pair of gloves
MR       .....                  (no boots)
Stlth    ..........             (no amulet)
HPRegen  0.15/turn              g - ring of loudness
MPRegen  0.10/turn              l - +5 ring of strength

@: drained
A: retaliatory headbutt, horns 2, large bone plates 1, blink
a: Blink


You were on level 4 of the Dungeon.
You were very hungry.

You visited 1 branch of the dungeon, and saw 4 of its levels.

You collected 133 gold pieces.

Inventory:

Hand Weapons
 a - a +0 long sword (weapon)
Armour
 b - a +0 scale mail (worn)
 c - a +0 shield (worn)
 n - a +1 pair of gloves (worn)
Jewellery
 g - a ring of loudness (left hand)
 l - a +5 ring of strength (right hand)
Scrolls
 h - a scroll of remove curse
 k - 2 scrolls of identify
 o - a scroll of blinking
Potions
 d - a potion of might
 e - a potion of lignification {unknown}
 i - 3 potions of cancellation
 p - a potion of heal wounds
Books
 q - a book of Minor Magic

   Spells                             Type                      Level
   a - Magic Dart                     Conjuration                  1
   b - Blink                          Translocation                2
   c - Call Imp                       Summoning                    2
   d - Slow                           Hexes                        2
   e - Conjure Flame                  Conjuration/Fire             3
   f - Mephitic Cloud                 Conjuration/Poison/Air       3
Comestibles
 f - 3 bread rations
 m - 3 fruits


   Skills:
 - Level 4.4(3.9) Fighting
 - Level 3.1(2.6) Long Blades
 - Level 4.3(3.9) Armour
 - Level 0.2(0.0) Dodging
 - Level 4.3(3.8) Shields
 + Level 1.6(1.1) Spellcasting
 - Level 0.3(0.0) Translocations


You had 5 spell levels left.
You knew the following spells:

 Your Spells              Type           Power        Failure   Level  Hunger
a - Blink                 Tloc           N/A          100%        2    ###....


Dungeon Overview and Level Annotations

Branches:
Dungeon (4/15)
 Temple: D:4-7

Altars:
Cheibriados
Nemelex Xobeh


Innate Abilities, Weirdness & Mutations

You reflexively headbutt those who attack you in melee.
You have a pair of horns on your head.
You are partially covered in large bone plates. (SH +4)
You can translocate small distances at will.


Message History

You open the door. The iguana bites you.
* * * LOW HITPOINT WARNING * * *
There is an open door here.
Found 10 gold pieces.
You barely miss the iguana.
The iguana is moderately wounded.
You block the iguana's attack.
You closely miss the iguana. Your headbutt misses the iguana.
The iguana is moderately wounded.
The iguana bites you but does no damage.
You block the iguana's attack.
You slash the iguana!
You headbutt the iguana, but do no damage.
The iguana is almost dead.
You block the iguana's attack.
You hit the iguana but do no damage. You headbutt the iguana.
The iguana is almost dead.
The iguana hisses menacingly.
The iguana bites you.
You die...

##.## #.$.# ##+# #...#
##...## #... ##.....##
###.####### ##.......##
#.........#
#.........###....####.##
+$.....@l.'.............
#.........###.....###.##
##.......## #.#.#.# #.#
##.....## #.###.# #%#
##...## #.# #.# #.#
..#+# #.. ... ..# .#.
### #.# ### # #.#


You could see an iguana.

Vanquished Creatures
  A hound (D:4)
  An iguana (D:4)
  3 adders
  3 dart slugs
  4 leopard geckos
  A ball python (D:1)
  4 giant cockroaches
  6 goblins
  2 hobgoblins
  8 jackals
  A quokka (D:3)
  5 bats
  3 frilled lizards
  2 kobolds
  9 rats
53 creatures vanquished.

Notes
Turn   | Place    | Note
-------+----------+-------------------------------------------
     0 | D:1      | kiturien the Minotaur Fighter began the quest for the Orb.
     0 | D:1      | Reached XP level 1. HP: 19/19 MP: 0/0
   170 | D:1      | Reached XP level 2. HP: 23/27 MP: 1/1
   526 | D:1      | Gained mutation: Your muscles are strong. (Str +2) [potion of mutation]
   526 | D:1      | Gained mutation: You are somewhat resistant to further mutation. [potion of mutation]
   710 | D:2      | Reached XP level 3. HP: 31/33 MP: 2/2
  1035 | D:2      | Found a sparkling altar of Nemelex Xobeh.
  1063 | D:2      | Found a snail-covered altar of Cheibriados.
  1356 | D:2      | Reached XP level 4. HP: 41/41 MP: 3/3
  1370 | D:2      | Learned a level 2 spell: Blink
  1615 | D:3      | Lost mutation: You are somewhat resistant to further mutation. [potion of mutation]
  1615 | D:3      | Lost mutation: Your muscles are strong. (Str +2) [potion of mutation]
  1615 | D:3      | Gained mutation: You are partially covered in large bone plates. (SH +4) [potion of mutation]
  1615 | D:3      | Gained mutation: You can translocate small distances at will. [potion of mutation]
  1861 | D:4      | Reached skill level 1 in Spellcasting
  2191 | D:4      | Reached XP level 5. HP: 26/47 MP: 4/6
  2232 | D:4      | Slain by an iguana

Vault maps used:
D:1:      lemuel_arrival_hallway
D:2:      lemuel_crystal_altar, kennysheep_slug_shrine, first_bread, st_stairs_9
D:3:      grunt_ministairs_10
D:4:      nicolae_ossuary_entry_catacombs, serial_shops, shop,
          trog_hazing_becter

Skill      XL: |  1  2  3  4 |
---------------+-------------+-----
Armour         | 4 |  4.3
Fighting       | 4 |  4.4
Shields        | 4 |  4.3
Long Blades    | 3 |  3.1
Spellcasting   | 1 |  1.6
Dodging        | |  0.2
Translocations | |  0.3

Action                   |  1- 3 |  4- 6 || total
-------------------------+-------+-------++-------
Melee: Long sword        |    94 |    32 ||   126
       Headbutt          |     9 |     8 ||    17
 Abil: Blink             |       |     1 ||     1
  Use: Scroll            |     2 |     1 ||     3
       Potion            |     2 |     1 ||     3
  Eat: Chunk             |     2 |     1 ||     3
Armor: Scale mail        |    78 |    20 ||    98
Dodge: Dodged            |    50 |     8 ||    58
Block: Shield            |    76 |    37 ||   113
       Rpst.: Long sword |    12 |       ||    12

Table legend:
 A = Spawn XP
 B = Non-spawn XP
 C = Spawn XP percentage of total XP
 D = Spawn monster count
 E = Non-spawn monster count
 F = Spawn count percentage of total count
 G = Total turns spent on level
                    A         B        C        D         E        F      G
               +---------+---------+-------+---------+---------+-------+---------
         Total |       0 |     206 |   0.0 |       0 |      53 |   0.0 |  2232
               +---------+---------+-------+---------+---------+-------+---------
           D:1 |       0 |      21 |   0.0 |       0 |      14 |   0.0 |   540
           D:2 |       0 |      78 |   0.0 |       0 |      29 |   0.0 |   942
           D:3 |       0 |      28 |   0.0 |       0 |       7 |   0.0 |   215
           D:4 |       0 |      79 |   0.0 |       0 |       3 |   0.0 |   535
               +---------+---------+-------+---------+---------+-------+---------
